 Dungeon Crawl Stone Soup version 0.31-a0-1118-gbca3d03946 (webtiles) character file.

Game seed: 2120143088173455461

87 senseless the Ruffian (level 4, -1/45 HPs)
             Began as a Troll Berserker on Dec 4, 2023.
             Was a Believer of Trog.
             Slain by a gnoll
             ... wielding a +0 spear
              (7 damage)
             ... on level 2 of the Dungeon.
             The game lasted 00:02:00 (1063 turns).

senseless the Ruffian (Troll Berserker)             Turns: 1063, Time: 00:02:00

Health: -1/45      AC:  4    Str: 25    XL:     4   Next: 28%
Magic:  3/3        EV: 10    Int:  3    God:    Trog [**....]
Gold:   80         SH:  0    Dex: 11    Spells: 3/3 levels left

rFire   . .          .
                       - Unarmed
rCold   . . .        (no shield)
rNeg    . . .        a - +0 animal skin
rPois   .            (helmet restricted)
rElec   .            (no cloak)
rCorr   .            (gloves unavailable)
SInv    .            (boots unavailable)
Will    .....        (no amulet)
Stlth   +            (no ring)
HPRegen 1.07/turn    (no ring)
MPRegen 0.08/turn

%: no passive effects
@: on berserk cooldown, slowed, very slow
A: large, unfitting armour, claws 3, regeneration 1, shaggy fur 1, tough skin 1
a: Renounce Religion, Berserk, Trog's Hand


You were on level 2 of the Dungeon.
You worshipped Trog.
Trog was pleased with you.
You visited 1 branch of the dungeon, and saw 2 of its levels.

You collected 80 gold pieces.

Inventory:

Hand Weapons
 i - a +2 dagger of speed
Missiles
 j - 5 javelins
 k - 6 poisoned darts
Armour
 a - a +0 animal skin (worn)
Wands
 p - a wand of acid (11)
Scrolls
 c - a scroll of vulnerability {unknown}
 e - a scroll of immolation {unknown}
 g - 5 scrolls of identify {unknown}
 l - a scroll of blinking {unknown}
 n - a scroll of teleportation {unknown}
Potions
 b - a potion of degeneration {unknown}
 d - a potion of enlightenment {unknown}
 f - a potion of attraction {unknown}
 h - a potion of brilliance {unknown}
 m - a potion of curing {unknown}
 o - a potion of mutation {unknown}


   Skills:
 + Level 3.1 Fighting
 + Level 3.1 Dodging
 + Level 3.8 Unarmed Combat


You had 3 spell levels left.
You didn't know any spells.
Your spell library was empty.

Dungeon Overview and Level Annotations

Branches:
Dungeon (2/15)

Altars:
Xom


Innate Abilities, Weirdness & Mutations

You are too large for most types of armour.
You have claws for hands.
Your natural rate of healing is unusually fast.
You are covered in fur. (AC +1)
You have tough skin. (AC +1)


Message History

You scratch the gnoll.
You kill the gnoll!
Trog accepts your kill.
The gnoll hits you from afar with a +0 spear.
You have reached level 4!
You barely miss the gnoll. You closely miss the gnoll.
The gnoll hits you from afar with a +0 spear.
The gnoll closely misses you.
An adder comes into view.
The adder hisses angrily.
You claw the gnoll!
You kill the gnoll!
Trog accepts your kill.
You are no longer berserk.
You are exhausted.
You feel yourself slow down.
The gnoll hits you from afar with a +0 spear.
The gnoll hits you with a +0 spear.
Things that are here:
a +0 halberd; 7 gold pieces; a gnoll corpse You closely miss the gnoll.
The gnoll hits you with a +0 spear. x2
You scratch the gnoll.
The gnoll is moderately wounded.
The adder bites you.
You are poisoned.
The adder poisons you! The gnoll hits you with a +0 spear.
* * * LOW HITPOINT WARNING * * *
You closely miss the adder.
You feel sick. The adder closely misses you.
The gnoll hits you but does no damage. The adder misses you.
The gnoll hits you with a +0 spear.
* * * LOW HITPOINT WARNING * * *
You scratch the gnoll but do no damage.
The gnoll is moderately wounded.
You feel sick. The adder misses you. The adder bites you but does no damage.
The gnoll closely misses you.
You scratch the adder but do no damage.
You feel sick.
You are no longer poisoned.
The adder closely misses you. The gnoll hits you with a +0 spear!
You die...

..... # .. ... #...## .. #..#
...# . ... #.# #. ..# ## #..
.##..## #. ##. .....###. #..
######).#..... #.#
#.....@g......#######.#
#......S..###..........
#######.........## #........#
#.....†..........# #.##..####
..#####........#.###.###.)###
#........#.#...# ##...#
#######...).........## ###.#
#......<...[.##.....# ##..
#.........#####...^.######...


You could see a gnoll and an adder.

Vanquished Creatures
  3 gnolls (D:2)
  2 dart slugs
  8 ball pythons
  5 endoplasms
  A giant cockroach (D:2)
  7 goblins
  3 hobgoblins (D:1)
  5 jackals
  2 quokkas (D:1)
  4 bats (D:1)
  2 frilled lizards (D:2)
  3 kobolds
  4 rats
49 creatures vanquished.

Notes
Turn   | Place    | Note
-------+----------+-------------------------------------------
     0 | D:1      | senseless the Troll Berserker began the quest for the Orb.
     0 | D:1      | Reached XP level 1. HP: 22/22 MP: 0/0
    97 | D:1      | Reached XP level 2. HP: 29/29 MP: 1/1
   261 | D:1      | Reached ** piety under Trog
   383 | D:1      | Reached XP level 3. HP: 35/36 MP: 2/2
   993 | D:2      | Found a shimmering altar of Xom.
  1055 | D:2      | Reached XP level 4. HP: 40/45 MP: 3/3
  1063 | D:2      | Slain by a gnoll

Illustrated notes

Levels and vault maps discovered:
D:1:      dpeg_arrival_windows_large_door, layout_basic, serial_bayou,
          serial_bayou_lagoon_a, serial_bayou_pond_c, serial_bayou_pond_b,
          serial_bayou_lake_a, serial_bayou_shore_b
D:2:      layout_rooms, basic_altar, hangedman_decor_growths, minmay_unequal

Skill      XL: |  1  2  3 |
---------------+----------+-----
Fighting       | 3 |  3.1
Dodging        | 3 |  3.1
Unarmed Combat | |  3.8

Action                     |  1- 3 |  4- 6 || total
---------------------------+-------+-------++-------
  Melee: Unarmed           |   119 |     8 ||   127
         Punch             |     3 |       ||     3
 Invoke: Berserk           |     1 |       ||     1
 Armour: Animal skin       |    84 |    11 ||    95
  Dodge: Dodged            |    70 |     6 ||    76

Table legend: (Time is in decaauts)
 A = Elapsed time spent in this place.
 B = Non-inter-level travel time spent in this place.
 C = Inter-level travel time spent in this place.
 D = Time resting spent in this place.
 E = Time spent auto-exploring this place.
 F = Levels seen in this place.
 G = Mean time per level.
                   A        B        C        D        E       F      G
               +--------+--------+--------+--------+--------+-----+--------+
         Total |   1054 |    959 |     95 |      0 |    680 |   2 |  527.0 |
       Dungeon |   1054 |    959 |     95 |      0 |    680 |   2 |  527.0 |
               +--------+--------+--------+--------+--------+-----+--------+

Top non-repeatable levels by time:
     D:1: 799 daAuts
     D:2: 255 daAuts
